[Event "*** Titled Tuesday Blitz"]
[Site "Chess.com"]
[Date "2020.05.19"]
[Round "6"]
[White "EvgenyRomanov"]
[Black "FMVolodymyrSakun"]
[Result "1-0"]
[WhiteElo "2688"]
[BlackElo "2486"]
[TimeControl "180+1"]
[EndTime "13:11:21 PDT"]
[Termination "EvgenyRomanov won on time"]

1. d4 Nf6 2. Nf3 g6 3. Bg5 Bg7 4. Nbd2 d6 5. c3 O-O 6. e4 h6 7. Bh4 Nc6 8. Bc4 e5 9. dxe5 Nxe5 10. Nxe5 dxe5 11. O-O Qe7 12. a4 a5 13. Qe2 Be6 14. f3 Rfd8 15. Rfd1 Rxd2 16. Rxd2 Qc5+ 17. Kh1 Bxc4 18.
Qd1 Kh7 19. Rd8 Rxd8 20. Qxd8 Qd6 21. Rd1 Qxd8 22. Rxd8 Be6 23. Rb8 b6 24. Bg3 Nd7 25. Rc8 Nc5 26. Rxc7 Nxa4 27. b4 Nb2 28. Bf2 Nc4 29. Rb7 a4 30. Bxb6 Nxb6 31. Rxb6 a3 32. Ra6 a2 33. Kg1 Bc4 34. Ra7 h5 35. Kf2 Bh6 36. b5 Bf8 37. Ke1 Bc5 38. Ra4 Bb3 39. Ra8 Be3 40. Ke2 Bc5 41. Kd3 Kg7 42. g3 Kf6 43. f4 exf4 44. gxf4 g5 45. Ra6+ Ke7 46. fxg5 Be6 47. c4 Kf8 48. Rxa2 Kg7 49. h4 Kg6 50.
Rb2 Bb6 51. c5 Bxc5 52. b6 Bc8 53. b7 Bxb7 54. Rxb7 Bf2 55. e5 Bxh4 56. Ke4 Bxg5 57. Rb6+ Kg7 58. Kf5 Bd8 59. Rb7 Kf8 60. Rb8 Ke7 61. Ra8 Ke8 62. Ra6 Kf8 63. Rh6 h4 64. Rh8+ Ke7 65. Rxh4 Bb6 66. Ra4 Bc5 67. Ra6 Kf8 68.
Rc6 Be7 69. Rc8+ Kg7 70. Rc7 Kf8 71. Rd7 Ke8 72. Rb7 Kf8 73. Rb8+ Kg7 74. Re8 Bc5 75. Rc8 Be7 76. Rc7 Kf8 77. Rb7 Bc5 78. Rb8+ Kg7 79.
Ke4 Be7 80. Kd5 Bg5 81. Rb7 Kg6 82. Kd6 Bf4 83. Kd5 Bg3 84. Rb3 Bf4 85. Rf3 Kf5 86.
Rf1 Kg4 87. Ke4 Bg3 88. Rxf7 1-0

[Event "*** Titled Tuesday Blitz"]
[Site "Chess.com"]
[Date "2020.05.19"]
[Round "6"]
[White "Yashasd1995"]
[Black "andriipalchuk"]
[Result "1-0"]
[WhiteElo "2547"]
[BlackElo "1963"]
[TimeControl "180+1"]
[EndTime "13:11:25 PDT"]
[Termination "Yashasd1995 won by resignation"]

1. b3 Nf6 2. Bb2 e6 3. e3 b6 4.
f4 Bb7 5. Nf3 c5 6. Be2 Be7 7.
O-O O-O 8. c4 d6 9. Nc3 Nbd7 10.
d4 a6 11. Qd3 Qc7 12. d5 exd5 13. cxd5 b5 14. e4 c4 15. bxc4 Nc5 16. Qd4 b4 17.
Nd1 Ncxe4 18. Ne3 Nc3 19. Bxc3 bxc3 20. Rac1 Nd7 21. Qxc3 Rfe8 22. Bd3 Bf6 23. Qd2 Nc5 24. Bb1 Qb6 25. Rfe1 Ne4 26. Qd3 g6 27. h3 Re7 28.
Kh2 Rae8 29. Ng4 Bg7 30. Qb3 Qxb3 31. axb3 f5 32. Bxe4 fxg4 33. Ne5 dxe5 34. d6 Rd7 35. Bxb7 Rxb7 36. c5 g3+ 37. Kg1 Rd7 38. Red1 Bf8 39. Re1 e4 40. Rc3 Rf7 41. Rxg3 Rxf4 42. Rc3 e3 43. d7 Rd8 44. c6 Bd6 45. Rexe3 Rf7 46.
Re8+ Rf8 47. Rxf8+ Kxf8 48. c7 Bxc7 49. Rxc7 Ke7 50.
Ra7 Rxd7 51. Rxa6 Rd1+ 52. Kh2 Rb1 53. Rb6 Rb2 54. Rb7+ Kf6 55. Rxh7 Rxb3 56. Rc7 Kg5 57. Rc5+ Kf4 58. Rc4+ Kf5 59. Rg4 g5 60. Rc4 Ra3 61. Rc2 Kf4 62. Rf2+ Ke4 63. Rf8 Ke5 64. Rf2 Ke4 65.
g4 Ke5 66. Kg2 Ke6 67. Re2+ Kf6 68. Rf2+ Kg6 69. Re2 Rb3 70. Rf2 Kh6 71. Rf3 Kg6 72. Kg3 Rb5 73. Re3 Rb4 74. Rf3 Rc4 75. Rd3 Rc2 76.
Rd6+ Kg7 77. Rd5 Kg6 78. Rd3 Rc1 79. Kf3 Rh1 80. Ke4 Rf1 81. Ke5 Re1+ 82. Kd6 Kf6 83.
Re3 Kg6 84. Rxe1 Kf6 85. Rf1+ Kg6 86. Rf2 Kh6 87. Rf5 Kg6 88. Ke5 Kh6 89. Ke6 Kg6 90. Ke5 1-0

[Event "*** Titled Tuesday Blitz"]
[Site "Chess.com"]
[Date "2020.05.19"]
[Round "6"]
[White "Moon_stone123"]
[Black "MaxLeto"]
[Result "1-0"]
[WhiteElo "2513"]
[BlackElo "2327"]
[TimeControl "180+1"]
[EndTime "13:11:32 PDT"]
[Termination "Moon_stone123 won on time"]

1. Nf3 d5 2. g3 c6 3. Bg2 Nf6 4.
O-O Bf5 5. d3 e6 6. Nbd2 Be7 7.
Qe1 h6 8. e4 Bh7 9. b3 O-O 10.
Bb2 a5 11. a3 b5 12. c4 Qb6 13.
Qc1 dxe4 14. dxe4 Nxe4 15. Nxe4 Bxe4 16. Re1 Bh7 17. cxb5 Qxb5 18. Nd4 Qb6 19. Qc3 Bf6 20. Qc4 Rd8 21. Rad1 Ra7 22. Nxc6 Nxc6 23. Bxf6 gxf6 24. Qxc6 Rxd1 25. Rxd1 Qxc6 26. Bxc6 Bc2 27. Rd8+ Kg7 28. Rb8 Rc7 29. Bf3 Rc3 30. Kg2 Rxb3 31. Rxb3 Bxb3 32.
Be4 f5 33. Bc6 Kf6 34. Kf3 Ke5 35. Ke3 Kd6 36. Be8 f6 37. h4 Kc5 38. Bd7 Bd5 39.
Kd3 Bc4+ 40. Kc3 Bd5 41. Kd3 Kd6 42. Be8 Be4+ 43. Kd4 Bc6 44. Bh5 Bb5 45. Bd1 e5+ 46.
Ke3 Kc5 47. Bc2 Bd7 48. Bd3 Be6 49. Ba6 Kd5 50. Bd3 Kd6 51. Ba6 Kc5 52. Bd3 Bd7 53.
Be2 Bb5 54. Bd1 Kc4 55. Be2+ Kc5 56. Bd1 Bc4 57. Bc2 Be6 58. Kd3 Kb5 59. Kc3 Bd7 60. Bd3+ Kc5 61. Bf1 Bc6 62. Bd3 Be4 63.
Ba6 Kd5 64. Bb7+ Kc5 65. Bc8 Kd6 66. Kc4 Kc7 67. Be6 Kd6 68. Bg8 f4 69. Kb5 fxg3 70.
fxg3 Bd5 71. Bh7 e4 72. Kxa5 Kc5 73. Ka6 Kd4 74. Bg6 e3 75. Bh5 Bc4+ 76. Kb6 e2 77.
Bxe2 Bxe2 78. Kc6 Ke5 79. Kd7 Kf5 80. Ke7 h5 81. Kf7 Bc4+ 82. Kg7 Kg4 83. Kxf6 Kxg3 84.
Kg5 Be2 85. a4 Bg4 86. a5 Bf3 87. a6 Kh3 88. Kf4 Ba8 89. Kg5 Bf3 90. Kf4 Kg2 91.
Kg5 Kf2 92. Kf4 Kg2 93. Kg5 Kg3 94. a7 Ba8 95. Kxh5 Kf4 96. Kg6 Kg4 97. h5 Kf4 98.
h6 Be4+ 99. Kg7 Kg5 100. h7 1-0

[Event "*** Titled Tuesday Blitz"]
[Site "Chess.com"]
[Date "2020.05.19"]
[Round "6"]
[White "124chess"]
[Black "Alomaterapia"]
[Result "0-1"]
[WhiteElo "2738"]
[BlackElo "2546"]
[TimeControl "180+1"]
[EndTime "13:11:40 PDT"]
[Termination "Alomaterapia won by checkmate"]

1. e4 c6 2. d4 d5 3. exd5 cxd5 4. Bd3 Nc6 5. c3 Qc7 6. h3 e6 7. Nf3 Bd6 8. O-O Nge7 9. c4 dxc4 10. Bxc4 O-O 11. Nc3 a6 12. Bd3 h6 13. Be3 e5 14.
Rc1 exd4 15. Nxd4 Nxd4 16. Bxd4 Be6 17. Ne4 Qd7 18. Nxd6 Qxd6 19. Bc5 Qd7 20. Be4 Rfd8 21. Qf3 Nc6 22. Bb6 Rdc8 23. Rfd1 Qe7 24. Bb1 Qb4 25.
Bc5 Qxb2 26. Qe4 g6 27. Qf4 h5 28. Re1 Qg7 29. Bd6 Rd8 30. a3 Rd7 31. Qg3 h4 32. Qf4 g5 33. Qd2 Rad8 34. Qc2 Rxd6 35. Qe4 Bd5 36. Qf5 Be6 37. Qe4 Rd4 38. Qc2 Rd2 39. Qe4 R8d4 40. Qf3 Rd5 41. a4 Nd4 42. Qe4 Nc6 43.
Qf3 Rd6 44. Qe4 Rd8 45. Qf3 Qh6 46. Qe4 R2d4 47. Qf3 Kg7 48. Rc5 Qf6 49. Qe3 Rf4 50.
a5 Rd5 51. Rcc1 Re5 52. Qd2 Rd4 53. Qc2 Rxe1+ 54. Rxe1 Kf8 55. Qh7 Qg7 56. Qc2 Rd6 57.
Qc5 Ke7 58. Rd1 Qe5 59. Qa3 Kd7 60. Rc1 Qxa5 61. Qf3 Qe5 62. Rf1 Qf4 63. Qe2 b5 64. Qb2 Bc4 65. Re1 Re6 66. Rd1+ Ke7 67. Qa3+ b4 68.
Qb2 Qe5 69. Qd2 Qc3 70. Qd7+ Kf6 71. Qc8 Kg7 72. Qd7 Qf6 73. Qd2 Qe7 74. Qc1 f6 75. Qd2 Ne5 76. Qc2 Bd3 77. Rxd3 Nxd3 78.
Qxd3 Re1+ 79. Kh2 Qe5+ 80. g3 hxg3+ 81. Kg2 Rxb1 82. Qxb1 gxf2 83. Kxf2 Qd5 84. Qc2 Qd4+ 85. Kg2 Qc3 86. Qf5 Qd2+ 87. Kg1 b3 88. Qc8 b2 89. Qc7+ Kg6 90. Qb7 Qc1+ 91. Kg2 b1=Q 92. Qa8 Qd2+ 93. Kf3 Qbd3+ 94. Kg4 Qf4# 0-1

[Event "*** Titled Tuesday Blitz"]
[Site "Chess.com"]
[Date "2020.05.19"]
[Round "6"]
[White "Maybe00"]
[Black "rasmussvane"]
[Result "0-1"]
[WhiteElo "2675"]
[BlackElo "2890"]
[TimeControl "180+1"]
[EndTime "13:11:43 PDT"]
[Termination "rasmussvane won by resignation"]

1. d4 e6 2. c4 b6 3. e4 Bb4+ 4. Bd2 Bxd2+ 5. Qxd2 d5 6. cxd5 exd5 7. e5 Ne7 8. Nc3 O-O 9. Nf3 c5 10. Be2 Nbc6 11. dxc5 bxc5 12. O-O Bg4 13. Rfe1 Rb8 14. b3 Bxf3 15. Bxf3 Nd4 16. Bd1 Qa5 17. Rc1 Rfd8 18. Qg5 Ng6 19. Bh5 Ne6 20. Qg3 d4 21. Ne4 Qxa2 22.
Bxg6 hxg6 23. Nxc5 Nxc5 24. Rxc5 d3 25. e6 Qxb3 26.
e7 d2 27. exd8=Q+ Rxd8 28. Rce5 d1=Q 29. Qh4 Qc3 30. Qe4 Qd7 31. h3 Qdc6 32. Qf4 Rf8 33.
Re7 Q3f6 34. Qe3 Qb6 35. Qg3 a5 36. Re8 Qbd6 37. Rxf8+ Qxf8 38. Qe3 Q6d8 39. Qe4 Qa8 40.
Qa4 Qab8 41. Qxa5 Qbb4 42. Qa1 Qbb8 43. Qd1 g5 44. Qg4 g6 45. Qxg5 Qbb4 46. Qe3 Qbc5 47.
Qe2 Qf5 48. Qe3 Kg7 49. Qc3+ Qf6 50. Qe3 Q8d6 51. Qe2 Qdd4 52. Qe3 Qxe3 53. Rxe3 Qd4 54. g3 f5 55. h4 Kf6 56. Kg2 f4 57. gxf4 Kg7 58.
Rg3 Qxf4 59. h5 g5 60. Kg1 Kh6 61. Kg2 Kxh5 62. Rh3+ Kg6 63. Rg3 Qe4+ 64. Kg1 Kf5 65. Re3 Qf4 66. Kg2 Qd4 67. Rf3+ Kg4 68. Rg3+ Kf4 69. Rf3+ Ke4 70. Re3+ Kd5 71. Rg3 Qd2 72. Re3 Kd4 73. Rg3 Qf4 74. Rf3 Qe4 75. Kg3 Qh4+ 76.
Kg2 Qg4+ 77. Rg3 Qe4+ 78. Kg1 Qf4 79. Kg2 Qc1 80. Re3 Qd2 81. Rg3 Qf4 82. Re3 g4 83. Rg3 Ke4 84. Re3+ Kd4 85. Rg3 Qf5 86. Re3 Qg5 87.
Rg3 Qf4 88. Re3 Qf5 89. Rg3 Qd5+ 90. Kg1 Qe6 91. Re3 Qc6 92. Rg3 Qe4 93. Re3 Qf4 94.
Kg2 Kd5 95. Rg3 Qg5 96. Re3 Qh4 97. Rg3 Ke5 98. Re3+ Kf4 99. Rg3 Qxg3+ 100. fxg3+ Ke3 101. Kh2 Kf2 102. Kh1 Kxg3 103. Kg1 Kh3 0-1

[Event "*** Titled Tuesday Blitz"]
[Site "Chess.com"]
[Date "2020.05.19"]
[Round "6"]
[White "Alliswell998"]
[Black "GMCarbone"]
[Result "0-1"]
[WhiteElo "2491"]
[BlackElo "2337"]
[TimeControl "180+1"]
[EndTime "13:12:01 PDT"]
[Termination "GMCarbone won by checkmate"]

1. e4 c5 2. Nc3 Nc6 3. f4 e6 4. Nf3 a6 5. d4 cxd4 6. Nxd4 Qc7 7. Be3 b5 8. Bd3 Bb7 9. Qd2 Nf6 10. a3 d5 11. e5 Nd7 12. O-O Nb6 13. b3 Rc8 14. Nce2 Bc5 15. Kh1 Nxd4 16. Nxd4 Nd7 17. Qf2 g6 18. Qh4 Be7 19. Qh6 Bf8 20. Qh3 Nc5 21. Rac1 Be7 22. b4 Ne4 23. Bxe4 dxe4 24. Rcd1 O-O 25. Qg3 Kh8 26. h4 Rg8 27. Nb3 Bd5 28. Nc5 Qd8 29. Bf2 Qc7 30. Qg4 a5 31. Bd4 axb4 32.
axb4 Qd8 33. g3 Ra8 34. Kh2 Ra2 35. Rf2 h5 36. Qh3 Qc7 37. Rfd2 Rga8 38. Qf1 Qc6 39. c3 Kh7 40. Qe1 Rxd2+ 41. Rxd2 Ra3 42. Re2 Qa8 43. Nxe4 Ra2 44. Rxa2 Qxa2+ 45. Qd2 Qb1 46. Nf2 Qf1 47. Ne4 Bxe4 48. Bg1 Qf3 49. g4 hxg4 50. Bc5 Qh3+ 51.
Kg1 Qh1+ 52. Kf2 Qh2+ 53. Ke1 Qh1+ 54. Ke2 Bf3+ 55. Kd3 g3 56. Kc2 Qg2 57. Bxe7 Be4+ 58. Kc1 Qxd2+ 59. Kxd2 g2 60. Bc5 Kh6 61. Bg1 Kh5 62.
Ke3 Kxh4 63. Kf2 Kh3 64. c4 Kg4 65. cxb5 Kf5 66. b6 Bb7 67. Bh2 Ke4 68. Ke2 Kd4 69.
Kf2 Kc4 70. f5 Kxb4 71. fxg6 fxg6 72. Ke3 Kb5 73. Kd4 Kxb6 74. Ke3 Kb5 75. Kf4 Kc4 76.
Bg1 Kd3 77. Ba7 Ke2 78. Kg3 Kf1 79. Kh2 Bd5 80. Bd4 g5 81. Be3 g4 82. Bd4 g3+ 83. Kxg3 g1=Q+ 84. Bxg1 Kxg1 85. Kf4 Kf2 86. Kg4 Ke3 87.
Kg3 Ke4 88. Kf2 Kxe5 89. Ke2 Ke4 90. Kd2 Kf3 91. Ke1 e5 92. Kf1 e4 93. Ke1 e3 94. Kf1 Bc4+ 95. Ke1 e2 96. Kd2 Kf2 97. Kc2 e1=Q 98. Kb2 Qb4+ 99. Ka1 Qc3+ 100. Kb1 Bd3+ 101.
Ka2 Qc2+ 102. Ka1 Qa4+ 103. Kb2 Ke3 104. Kc1 Ke2 105. Kb2 Qb4+ 106. Ka2 Bb1+ 107. Ka1 Bc2 108. Ka2 Qb3+ 109. Ka1 Qb1# 0-1

[Event "*** Titled Tuesday Blitz"]
[Site "Chess.com"]
[Date "2020.05.19"]
[Round "6"]
[White "ZarinaShafigullina"]
[Black "Love_craft"]
[Result "1/2-1/2"]
[WhiteElo "2341"]
[BlackElo "2517"]
[TimeControl "180+1"]
[EndTime "13:12:07 PDT"]
[Termination "Game drawn by repetition"]

1. d4 Nf6 2. Nf3 g6 3. g3 Bg7 4. Bg2 O-O 5. O-O d6 6. c4 Nbd7 7. Nc3 e5 8. e4 exd4 9. Nxd4 Re8 10. Re1 Nc5 11. f3 a5 12. Rb1 c6 13. b3 Qc7 14.
Be3 Bd7 15. Bf2 Rad8 16. Qc2 Bc8 17. a3 h5 18. b4 axb4 19. axb4 Ne6 20. b5 h4 21.
bxc6 bxc6 22. Nxe6 Bxe6 23. Bb6 Qd7 24. Bxd8 Rxd8 25.
Ne2 hxg3 26. hxg3 Qa7+ 27. Kf1 Qc5 28. Rec1 Bh6 29. Nf4 Bxf4 30. gxf4 Nh5 31. Qf2 Bxc4+ 32. Kg1 Qxf2+ 33. Kxf2 d5 34. exd5 cxd5 35. Bf1 Bxf1 36. Rxf1 Nxf4 37. Rfd1 d4 38. Rb4 Ne6 39. Rc4 Kg7 40.
f4 Rd5 41. Rd3 Kf6 42. Rf3 Kf5 43. Ke2 Nxf4+ 44. Kd2 g5 45. Rc7 f6 46. Rc6 Ke4 47.
Rf1 f5 48. Rc8 d3 49. Re8+ Kd4 50. Ra1 Rc5 51. Ra4+ Kd5 52. Rd8+ Ke5 53. Re8+ Kf6 54. Ra6+ Kf7 55. Re1 Rc2+ 56. Ke3 Re2+ 57. Rxe2 dxe2 58.
Kf2 Kg7 59. Rb6 Kf7 60. Ra6 Ke7 61. Rh6 g4 62. Rh1 Kf6 63. Ra1 Kg5 64. Rh1 Kg6 65.
Ra1 Kf6 66. Rh1 Ke5 67. Ra1 Kd5 68. Ra5+ Ke6 69. Ra1 Kf7 70. Ra7+ Kg6 71. Ra1 Ne6 72. Kxe2 Kg5 73. Ra4 Nf4+ 74. Kf2 Nd3+ 75. Kg2 f4 76. Ra8 f3+ 77. Kg3 Ne5 78. Rg8+ Ng6 79. Rg7 Kf5 80.
Rf7+ Kg5 81. Ra7 Ne5 82. Ra5 Kf5 83. Rb5 Ke4 84. Rb4+ Ke3 85. Rb3+ Nd3 86. Ra3 f2 87. Rxd3+ Kxd3 88. Kxf2 Ke4 89. Kg3 Kf5 90. Kg2 Kg6 91. Kg3 Kg5 92. Kg2 Kh4 93. Kh2 Kh5 94.
Kg3 Kg5 95. Kg2 Kf6 96. Kg3 Kf5 97. Kg2 Kf4 98. Kf2 Ke5 99. Kg3 Kf5 1/2-1/2

[Event "*** Titled Tuesday Blitz"]
[Site "Chess.com"]
[Date "2020.05.19"]
[Round "6"]
[White "Chess_Boxer123"]
[Black "Isajevsky_Anton"]
[Result "0-1"]
[WhiteElo "2556"]
[BlackElo "2430"]
[TimeControl "180+1"]
[EndTime "13:12:15 PDT"]
[Termination "Isajevsky_Anton won by checkmate"]

1. d4 d5 2. c4 e6 3. Nc3 Be7 4. cxd5 exd5 5. Bf4 c6 6. e3 Bd6 7. Bxd6 Qxd6 8. Bd3 Ne7 9. Qc2 g6 10. f3 Nf5 11.
Bxf5 Bxf5 12. e4 Be6 13. e5 Qb4 14. Ne2 Nd7 15. h4 h5 16. Qd2 Nb6 17. b3 a5 18.
O-O a4 19. Rab1 a3 20. Rbc1 Qe7 21. g3 Kf8 22. Nd1 Kg7 23. Nf4 Nd7 24. Ne3 f6 25.
Nxe6+ Qxe6 26. f4 f5 27. Qb4 Ra7 28. Ng2 Re8 29. Ne1 Qe7 30. Qd2 Nf8 31. Nd3 Ne6 32. Nc5 Nxc5 33. Rxc5 Ra6 34. Rfc1 Qe6 35. Ra5 Rea8 36.
Rxa6 Rxa6 37. Qb4 b5 38. Qc5 Kf7 39. Kg2 Ke8 40. Kf3 Kf7 41. Rc2 Ke8 42. Qb4 Qe7 43.
Rc5 Kd7 44. Qc3 Qe6 45. Qd3 Qe7 46. Ke2 Qe6 47. Kd2 Qe7 48. Qc3 Qe6 49. Qc1 Qe7 50. Qc2 Qe6 51. Ke2 Qe7 52. Kf3 Qe6 53. Rc3 Qe7 54.
Re3 Qe6 55. Qc5 Ke8 56. Re2 Kf7 57. Qd6 Qxd6 58. exd6 Ra7 59. Rc2 Ra6 60. Re2 Ra7 61.
Ke3 Rd7 62. Kd3 b4 63. Rc2 Rxd6 64. Rc5 Re6 65. Ra5 Re1 66. Ra6 Rc1 67. Rb6 Rc3+ 68. Kd2 Ke6 69. Rxb4 Rxg3 70. Rb6 Kd6 71. Rb8 Rg4 72.
Rg8 Rxf4 73. Rxg6+ Kc7 74. Kc3 Kb6 75. Rf6 Rf3+ 76. Kb4 Rf4 77. Kxa3 Rxd4 78. Rxf5 Rxh4 79. Rf6 Rg4 80. Rh6 h4 81. Kb2 Kc5 82. Kc3 Rg3+ 83. Kd2 h3 84. Rh4 Rg2+ 85. Kc3 h2 86. b4+ Kb5 87.
Kb3 Rg3+ 88. Kb2 Rg1 89. Rxh2 Kxb4 90. Rc2 c5 91. a3+ Kb5 92. Rh2 d4 93. Rh8 Kc4 94.
Rd8 Rg2+ 95. Kc1 Kc3 96. Kd1 d3 97. Ke1 d2+ 98. Kf1 Rh2 99. a4 Kc2 100. a5 d1=Q+ 101. Rxd1 Kxd1 102. a6 Rh6 103. a7 Ra6 104. a8=Q Rxa8 105. Kf2 Re8 106. Kf3 c4 107. Kf4 c3 108. Kf5 c2 109. Kf6 Re2 110. Kf7 c1=Q 111. Kf6 Qd2 112. Kg6 Qe1 113. Kh5 Qf1 114. Kh4 Rg2 115. Kh3 Qh1# 0-1

[Event "*** Titled Tuesday Blitz"]
[Site "Chess.com"]
[Date "2020.05.19"]
[Round "6"]
[White "THE_PLAYER6"]
[Black "DanielDardha2005"]
[Result "1-0"]
[WhiteElo "2517"]
[BlackElo "2635"]
[TimeControl "180+1"]
[EndTime "13:12:22 PDT"]
[Termination "THE_PLAYER6 won on time"]

1. d4 Nf6 2. c4 e6 3. Nc3 Bb4 4. g3 d5 5. Bg2 O-O 6. Nf3 dxc4 7.
O-O Nc6 8. Qa4 Nd5 9. Qc2 Nb6 10. Rd1 Be7 11. e4 Nb4 12. Qe2 Nd3 13. Be3 c5 14. dxc5 Nd7 15. Ne1 N7xc5 16. Bxc5 Bxc5 17. Nxd3 cxd3 18. Rxd3 Qe7 19. Rad1 e5 20. Nd5 Qd8 21. Rc1 Bd4 22.
Rb3 Rb8 23. Qc4 Be6 24. Qc7 Rc8 25. Qxc8 Bxc8 26. Rxc8 Qg5 27. h4 Bxf2+ 28. Kf1 Rxc8 29. hxg5 Bc5 30. Rc3 Rc6 31. b4 Bd6 32. Rxc6 bxc6 33. Ne3 Bxb4 34. Nc4 Bc3 35. Bh3 g6 36. Bd7 c5 37. Bc6 Kf8 38. Bd5 Ke7 39. Ke2 Bd4 40. a4 Bc3 41. Kf3 Bd4 42. Na5 Bb2 43. Nc6+ Kd6 44.
Nxa7 Bc1 45. Nb5+ Kd7 46. Bxf7 Bxg5 47. Bg8 h6 48. Bf7 Kc6 49. Bxg6 c4 50. Bf7 Kc5 51. Nc3 Kb4 52. Nd5+ Kc5 53. Ke2 Bd8 54. Kd1 Kd4 55. Kc2 Kxe4 56. Nc3+ Kd4 57. Bg6 Ba5 58. Nb5+ Kc5 59.
Be8 e4 60. Bh5 e3 61. Be2 Bb4 62. Nc7 Kd4 63. Ne6+ Kd5 64. Nf4+ Kd4 65. Ng6 Bd6 66. g4 Bc7 67. Nh4 Bf4 68. Nf5+ Kc5 69. Ng7 Be5 70. Ne6+ Kb4 71. a5 Kxa5 72. Bxc4 Kb4 73. Be2 Bb8 74. Kd3 Ba7 75. Ke4 Kc3 76. Ng7 Kd2 77. Kf3 Bc5 78.
Nf5 Bf8 79. Nxe3 Kc3 80. Nf5 Kd2 81. Bc4 Kc3 82. Bf7 Kb4 83. Kf4 Kc5 84. Ke5 Kc6 85.
Kf6 Kc7 86. Kg6 Kd7 87. Ng7 Ke7 88. Bg8 Kd6 89. Nf5+ Ke5 90. Nxh6 Kf4 91. Be6 Be7 92. Bf5 Bg5 93. Nf7 Bh4 94. Kh5 Bf6 95. Bc8 Be7 96.
Bd7 Bf6 97. Kg6 Be7 98. Nh6 Bh4 99. Ng8 Bg5 100. Nf6 Bh4 101. Nh5+ Ke5 102. Bc8 Kd6 103. Ng7 Ke5 104. Nf5 Bd8 105. Ne3 Be7 106. Nc4+ Kf4 107. Nb6 Bd8 108. Nd5+ Ke5 109. Nc3 Be7 110. Kh5 Kf4 111. Nd5+ 1-0

[Event "*** Titled Tuesday Blitz"]
[Site "Chess.com"]
[Date "2020.05.19"]
[Round "6"]
[White "chito89"]
[Black "Er_is_geen_hoop_meer"]
[Result "1/2-1/2"]
[WhiteElo "2729"]
[BlackElo "2448"]
[TimeControl "180+1"]
[EndTime "13:12:56 PDT"]
[Termination "Game drawn by agreement"]

1. e4 g6 2. d4 Bg7 3. Nc3 a6 4.
Bg5 b5 5. f3 d6 6. Qd2 Bb7 7. h4 h6 8. Be3 Nd7 9. a4 b4 10. Nd5 a5 11. Bc4 e6 12. Nf4 Nb6 13. Bd3 e5 14. Nfe2 exd4 15. Nxd4 c5 16. Bb5+ Kf8 17. Nde2 Bxb2 18. Rd1 Ke7 19. c3 Ba3 20. Nh3 Nf6 21. O-O Ba6 22. Bxa6 Rxa6 23. e5 Nfd5 24. Nhf4 Nxf4 25. exd6+ Kf8 26. Bxf4 Qxh4 27.
d7 Nxd7 28. Qxd7 Re6 29. Qd8+ Qxd8 30. Rxd8+ Kg7 31. Rxh8 Kxh8 32. Kf2 b3 33. Be3 g5 34.
Rb1 b2 35. Ng3 Rb6 36. Ne4 Rb3 37. Bxc5 Bxc5+ 38. Nxc5 Rxc3 39. Nb7 Ra3 40. Rxb2 Rxa4 41. Nd6 Kg7 42. Rb7 Rf4 43. Ra7 Kg6 44. Rxa5 Rf6 45. Ne4 Re6 46. g4 f6 47. Ng3 Re7 48. Ra6 Rb7 49. Nh5 Rf7 50. Kg3 Rf8 51. Rb6 Rf7 52. Rc6 Rf8 53. Kf2 Rf7 54. Ng3 Ra7 55. Rc8 Ra2+ 56.
Ne2 h5 57. gxh5+ Kxh5 58. Ke3 Ra3+ 59. Kf2 Kg6 60. Rc5 Rb3 61. Kg3 Ra3 62. Nd4 Rd3 63. Nf5 Ra3 64. Ne7+ Kf7 65. Rc7 Ke6 66. Ng8 f5 67.
Re7+ Kd6 68. Kf2 g4 69. fxg4 fxg4 70. Rg7 Ra4 71. Kg3 Ke6 72. Nh6 Kf6 73. Rb7 Kg5 74. Nf7+ Kf6 75. Nd6 Ke5 76. Rb6 Rd4 77. Nf7+ Kf5 78.
Rb5+ Kf6 79. Ne5 Ra4 80. Nxg4+ Ke6 81. Ne3 Kd6 82. Kf3 Ra1 83. Rh5 Re1 84. Rh6+ Ke5 85. Rh5+ Ke6 86. Nc2 Rc1 87. Nd4+ Kd6 88. Ke3 Re1+ 89.
Kd2 Ra1 90. Rg5 Rf1 91. Nf5+ Ke6 92. Ne3 Rh1 93. Kd3 Re1 94. Ke4 Kf6 95. Rf5+ Ke6 96. Ra5 Kf6 97. Ra3 Re2 98. Kf3 Re1 99. Kf4 Re2 100. Ra6+ Ke7 101. Nf5+ Kd7 102. Ra7+ Kc6 103. Nd4+ Kb6 104. Rh7 Re1 105. Kf5 Re3 106. Ne6 Re1 107. Rh6 Kb5 108. Nf4 Kc4 109. Rc6+ Kb5 110. Rc8 Re3 111. Nd5 Re1 112. Kf6 Rf1+ 113. Ke5 Rh1 114. Kd4 Rh4+ 115. Kd3 Rh3+ 116. Ne3 Rg3 117. Kd4 Rh3 118. Nf5 Kb6 119. Nd6 Rh4+ 120. Kd5 Rh5+ 121. Kd4 Rh4+ 122. Ne4 Rg4 123. Rc2 Kb7 124. Kd5 1/2-1/2

[Event "*** Titled Tuesday Blitz"]
[Site "Chess.com"]
[Date "2020.05.19"]
[Round "7"]
[White "joksijoksi"]
[Black "TudorAnton"]
[Result "1-0"]
[WhiteElo "2333"]
[BlackElo "2469"]
[TimeControl "180+1"]
[EndTime "13:14:24 PDT"]
[Termination "joksijoksi won by resignation"]

1. d4 Nf6 2. c4 e6 3. Nc3 Bb4 4. f3 O-O 5. e4 d5 6. e5 Nfd7 7. cxd5 exd5 8. f4 c5 9. Be3 cxd4 10.
Bxd4 Nc6 11. Nf3 Nxd4 12. Qxd4 f6 13. Qxb4 fxe5 14. fxe5 1-0

[Event "*** Titled Tuesday Blitz"]
[Site "Chess.com"]
[Date "2020.05.19"]
[Round "7"]
[White "zaur-mammadov"]
[Black "czasnaszachy"]
[Result "1-0"]
[WhiteElo "2552"]
[BlackElo "2376"]
[TimeControl "180+1"]
[EndTime "13:14:51 PDT"]
[Termination "zaur-mammadov won by resignation"]

1. e4 c5 2. c3 Nf6 3. e5 Nd5 4. Nf3 Nc6 5. d4 cxd4 6. cxd4 d6 7. Bc4 Nb6 8. Bb5 dxe5 9. Nxe5 Bd7 10. Nxd7 Qxd7 11. Nc3 e6 12. O-O Be7 13. Qg4 O-O 14. Bxc6 bxc6 15. Bh6 Bf6 16. Rfd1 Kh8 17. Ne4 Nd5 18.
Nxf6 1-0

[Event "*** Titled Tuesday Blitz"]
[Site "Chess.com"]
[Date "2020.05.19"]
[Round "7"]
[White "Vuk2000"]
[Black "FMVolodymyrSakun"]
[Result "0-1"]
[WhiteElo "2603"]
[BlackElo "2497"]
[TimeControl "180+1"]
[EndTime "13:15:25 PDT"]
[Termination "FMVolodymyrSakun won by resignation"]

1. d4 Nf6 2. Bg5 e6 3. e4 h6 4. Bxf6 Qxf6 5. c3 d6 6. Bd3 g5 7.
Ne2 Bg7 8. O-O e5 9. Ng3 Qg6 10. Na3 a6 11. Nc2 O-O 12. Ne3 exd4 0-1

[Event "*** Titled Tuesday Blitz"]
[Site "Chess.com"]
[Date "2020.05.19"]
[Round "7"]
[White "otrov-11"]
[Black "Unknown_IM"]
[Result "1/2-1/2"]
[WhiteElo "2412"]
[BlackElo "2539"]
[TimeControl "180+1"]
[EndTime "13:16:02 PDT"]
[Termination "Game drawn by agreement"]

1. d4 d5 2. c4 c6 3. cxd5 cxd5 4. Bf4 Nc6 5. Nc3 e5 6. Bxe5 Nxe5 7. dxe5 d4 8. Ne4 Qa5+ 9. Nd2 Ne7 10. Nf3 Nc6 11. g3 Bf5 12. a3 Be7 13. Bg2 O-O 14. b4 Qc7 15. Rc1 Qd7 16. O-O a6 17. Nb3 Rad8 18.
Nc5 Bxc5 19. Rxc5 Rfe8 20. Qd2 1/2-1/2

[Event "*** Titled Tuesday Blitz"]
[Site "Chess.com"]
[Date "2020.05.19"]
[Round "7"]
[White "mbojan"]
[Black "themind1hunter"]
[Result "1-0"]
[WhiteElo "2624"]
[BlackElo "2390"]
[TimeControl "180+1"]
[EndTime "13:16:05 PDT"]
[Termination "mbojan won by resignation"]

1. e4 c5 2. Nf3 d6 3. d4 cxd4 4. Nxd4 Nf6 5. Nc3 a6 6. Bg5 Nbd7 7. Qe2 e6 8. f4 Qc7 9. O-O-O b5 10. a3 h6 11. Bh4 Be7 12. Kb1 Rb8 13. Be1 b4 14.
axb4 O-O 15. b5 1-0

[Event "*** Titled Tuesday Blitz"]
[Site "Chess.com"]
[Date "2020.05.19"]
[Round "7"]
[White "Shivagami"]
[Black "XiaoKangZhong"]
[Result "0-1"]
[WhiteElo "2174"]
[BlackElo "2402"]
[TimeControl "180+1"]
[EndTime "13:16:05 PDT"]
[Termination "XiaoKangZhong won by resignation"]

1. d4 Nf6 2. c4 g6 3. Nc3 d5 4. cxd5 Nxd5 5. Bd2 Bg7 6. e4 Nb6 7. Be3 O-O 8. f4 Nc6 9. d5 Na5 10. Bd4 e5 11. fxe5 Nac4 12. e6 Nxb2 13. Bxg7 Nxd1 14.
Bxf8 Nxc3 15. e7 Qe8 16. Bd3 Nd7 17. Nf3 Nxf8 0-1

[Event "*** Titled Tuesday Blitz"]
[Site "Chess.com"]
[Date "2020.05.19"]
[Round "7"]
[White "Ana_Berke"]
[Black "pavelalexandru07"]
[Result "1-0"]
[WhiteElo "2103"]
[BlackElo "2183"]
[TimeControl "180+1"]
[EndTime "13:16:08 PDT"]
[Termination "Ana_Berke won by resignation"]

1. e4 c5 2. Nf3 d6 3. d4 cxd4 4.
Nxd4 Nf6 5. f3 e5 6. Nb3 d5 7. Bg5 d4 8. c3 Nc6 9. Bb5 Qb6 10.
Bxc6+ bxc6 11. cxd4 exd4 12. Bxf6 gxf6 13. Qxd4 Bb4+ 1-0

[Event "*** Titled Tuesday Blitz"]
[Site "Chess.com"]
[Date "2020.05.19"]
[Round "7"]
[White "Sam_ChessMood"]
[Black "ManuDavid2910"]
[Result "1/2-1/2"]
[WhiteElo "2869"]
[BlackElo "2696"]
[TimeControl "180+1"]
[EndTime "13:16:20 PDT"]
[Termination "Game drawn by agreement"]

1. e4 c5 2. Nf3 Nc6 3. Bb5 e6 4. O-O Nge7 5. d4 cxd4 6. Nxd4 g6 7. Be3 Bg7 8. c4 O-O 9. Nc3 d6 10. Bxc6 bxc6 11. Qd2 Ba6 12. b3 d5 13. Bh6 dxc4 14.
Bxg7 Kxg7 1/2-1/2

[Event "*** Titled Tuesday Blitz"]
[Site "Chess.com"]
[Date "2020.05.19"]
[Round "7"]
[White "Playgood28"]
[Black "manikoloz"]
[Result "0-1"]
[WhiteElo "2277"]
[BlackElo "2472"]
[TimeControl "180+1"]
[EndTime "13:16:29 PDT"]
[Termination "manikoloz won by resignation"]

1. d4 d6 2. Nf3 g6 3. Bf4 Bg7 4. h3 Nf6 5. c4 O-O 6. Nc3 Nbd7 7. e3 c6 8. Be2 Re8 9. O-O a6 10. Rc1 b5 11. a3 bxc4 12. Bxc4 Nb6 13. Ba2 Nbd5 14.
Nxd5 cxd5 15. b4 a5 16. b5 a4 17. Ne1 Qb6 18. Rb1 Bf5 19. Rb2 Rec8 20. Nd3 Rc3 21. Nb4 e6 22. Nc6 Rxc6 23. bxc6 Qxb2 0-1